 Dungeon Crawl Stone Soup version 0.14-a0-2061-g6c6fb9c (webtiles) character file.

6042 Jenx the Conjurer (level 10, -9/69 HPs)
             Began as a Red Draconian Conjurer on Jan 21, 2014.
             Was an Elder of Vehumet.
             Killed by divine providence
             ... invoked by an orc priest
              (12 damage)
             ... on Level 10 of the Dungeon.
             The game lasted 00:49:21 (11916 turns).

Jenx the Conjurer (Red Draconian Conjurer)         Turns: 11916, Time: 00:49:21

HP  -9/69        AC  8     Str 11      XL: 10   Next: 42%
MP   1/26        EV 12     Int 19      God: Vehumet [****..]
Gold 564         SH  0     Dex 11      Spells:  9 memorised,  1 level left

rFire  + . .     SeeInvis .     a - +4,+1 orc hand axe (elec)
rCold  . . .     Clarity  .     (armour unavailable)
rNeg   . . .     Conserve .     (no shield)
rPois  .         rCorr    .     (helmet restricted)
rElec  .         rRot     .     (no cloak)
SustAb + .       Spirit   .     o - +0 pair of gloves
rMut   .         Warding  .     (no boots)
Saprov . . .     Stasis   .     (no amulet)
MR     .....                    m - ring of sustain abilities {unknown}
                                F - ring of wizardry

@: drained, not resistant to hostile enchantments, unstealthy
A: breathe fire, unfitting armour, fire resistance 1, AC +7
a: Breathe Fire, Renounce Religion


You were on level 10 of the Dungeon.
You worshipped Vehumet.
Vehumet was greatly pleased with you.
You were not hungry.

You visited 2 branches of the dungeon, and saw 11 of its levels.
You also visited: Ossuary.

You collected 564 gold pieces.

Inventory:

Hand weapons
 a - a +4,+1 orcish hand axe of electrocution (weapon)
 b - a +0,+2 orcish war axe of venom
 u - a cursed +6,+3 elven short sword of speed
 y - a cursed +4,+0 flail of crushing
Armour
 o - a +0 pair of gloves (worn)
 J - a +0 shield
Magical devices
 K - a wand of hasting (2)
 O - a wand of draining (7)
Comestibles
 d - a chunk of orc flesh
 e - 3 bread rations
 k - a honeycomb
 r - a meat ration
 z - 4 royal jellies
 C - a chunk of adder flesh
 M - 4 chunks of orc flesh
 P - an apricot
Scrolls
 g - 3 scrolls of teleportation
 l - 2 scrolls of immolation
 n - a scroll of magic mapping
 q - a scroll of remove curse
 A - 2 scrolls of silence
 B - 2 scrolls of blinking
 E - 4 scrolls of fog
 N - a scroll of identify
Jewellery
 m - a ring of sustain abilities (right hand) {unknown}
 F - a ring of wizardry (left hand)
 I - an uncursed amulet of guardian spirit
 L - a cursed ring of teleportation
Potions
 f - a potion of restore abilities {unknown}
 h - a potion of flight {unknown}
 j - a potion of invisibility {unknown}
 p - 2 potions of cure mutation {unknown}
 s - a potion of degeneration {unknown}
 v - a potion of porridge
 w - 3 potions of resistance {unknown}
 x - 3 potions of heal wounds {unknown}
 H - 2 potions of paralysis {unknown}
 R - a potion of brilliance {unknown}
Books
 c - a book of Conjurations

   Spells                             Type                      Level
   *Magic Dart                        Conjuration                  1
   Searing Ray                        Conjuration                  2
   *Dazzling Spray                    Conjuration/Hexes            3
   *Iskenderun's Mystic Blast         Conjuration                  4
   *Iskenderun's Battlesphere         Conjuration/Charms           4
   Fulminant Prism                    Conjuration/Hexes            5
 t - a book of Clouds

   Spells                             Type                      Level
   *Mephitic Cloud                    Conjuration/Poison/Air       3
   Conjure Flame                      Conjuration/Fire             3
   Poisonous Cloud                    Conjuration/Poison/Air       6
   Freezing Cloud                     Conjuration/Ice/Air          6
   Ring of Flames                     Charms/Fire                  7
 D - a book of War Chants

   Spells                             Type                      Level
   Fire Brand                         Charms/Fire                  2
   Freezing Aura                      Charms/Ice                   2
   Shroud of Golubria                 Charms/Translocation         2
   *Repel Missiles                    Charms/Air                   2
   Poison Weapon                      Charms/Poison                3
   Regeneration                       Charms/Necromancy            3
 G - a book of Envenomations

   Spells                             Type                      Level
   Spider Form                        Transmutation/Poison         3
   Poison Weapon                      Charms/Poison                3
   Summon Scorpions                   Summoning/Poison             4
   Olgreb's Toxic Radiance            Poison                       4
   Poisonous Cloud                    Conjuration/Poison/Air       6
Magical staves
 Q - an uncursed staff of power {unknown}


   Skills:
 - Level 1.7(1.2) Dodging
 - Level 1.7(1.2) Stealth
 + Level 8.3(7.8) Spellcasting
 - Level 10.1(9.5) Conjurations
 - Level 5.1(4.6) Charms
 + Level 4.6(4.1) Fire Magic
 - Level 5.3(4.8) Air Magic


You had one spell level left.
You knew the following spells:

 Your Spells              Type           Power        Failure   Level  Hunger
a - Magic Dart            Conj           ####         1%          1    None
b - Throw Flame           Conj/Fire      ####..       1%          2    None
c - Mephitic Cloud        Conj/Pois/Air  ####....     1%          3    #......
d - Iskenderun's Mystic   Conj           #####...     1%          4    ###....
e - Iskenderun's Battles  Conj/Chrm      ####....     1%          4    ###....
f - Airstrike             Air            ####......   1%          4    ###....
g - Repel Missiles        Chrm/Air       ####......   1%          2    None
h - Summon Butterflies    Summ           #.......     4%          1    None
i - Dazzling Spray        Conj/Hex       ####....     1%          3    #......


Dungeon Overview and Level Annotations

Branches:
Dungeon (10/16)            Temple (1/1) D:5
    Orc: D:9-12        Lair: D:8-11

Altars:
Ashenzari
Cheibriados
Dithmengos
Elyvilon
Fedhas
Kikubaaqudgha
Makhleb
Nemelex Xobeh
Okawaru
Sif Muna
Trog
Vehumet
Xom
Yredelemnul
Zin
the Shining One

Shops:
D:4 }   D:8 *


Innate Abilities, Weirdness & Mutations

You can breathe blasts of fire.
Your fiery red scales are hard (AC +7).
Your body does not fit into most forms of armour.
Your cold-blooded metabolism reacts poorly to cold.
Your flesh is heat resistant.


Message History

Casting: Magic Dart
Confirm with . or Enter, or press ? or * to list all spells.
Aiming: Magic Dart
Press: ? - help, Shift-Dir - straight line, f/p - orc priest
Aim: an orc priest, wielding an orcish whip (heavily wounded)
The magic dart hits the orc priest.
The orc priest is almost dead.
The orc priest calls down the wrath of Beogh upon you.
Pain shoots through your body!
* * * LOW HITPOINT WARNING * * *
Unknown command.
Drink which item? (? for menu, Esc to quit)
You feel better.
You have got your breath back.
The orc priest invokes the aid of Beogh against you.
Something smites you!
* * * LOW HITPOINT WARNING * * *
The orc priest calls down the wrath of Beogh upon you.
Something smites you!
You die...

###########''####
#...............#
#........)......#
#.).....).......#
#.........).....#
#......(........#
#.[.....).......#
#..............(#
#.......@.......#
#...............#
#.....[........[#
#......o...%....#
#........<...%..#
#####......o........#
#.....................#
#............(........#
#..............≈≈≈≈≈≈.#


You could see an orc priest and an orc.

Vanquished Creatures
  A hill giant (D:10)
  A troll (D:10)
  Eustachio (D:7)
  2 hippogriffs (D:9)
  A hungry ghost (D:9)
  Edmund (D:7)
  The ghost of Jenx the Ruinous, an average DECj (D:3)
  3 orc warriors
  A black bear (D:8)
  A phantom (D:8)
  3 sky beasts
  2 ogres
  4 centaurs
  2 ice beasts
  2 water moccasins
  A big kobold (D:9)
  Duvessa (D:6)
  2 crocodiles
  3 giant frogs
  3 wights (D:9)
  6 killer bees (D:8)
  An electric eel (D:10)
  A giant frog zombie (D:7)
  A hippogriff skeleton (D:8)
  Dowan (D:6)
  3 crimson imps
  9 orc priests
  2 iguanas
  5 hounds
  4 jellies
  5 orc wizards
  A giant frog skeleton (D:10)
  3 worker ants
  2 big kobold zombies (Ossuary)
  Ijyb (D:7)
  3 hound zombies (Ossuary)
  An ogre skeleton (D:8)
  4 mummies (Ossuary)
  10 adders
  A giant centipede (D:9)
  6 gnolls
  An inept feature mimic (D:5)
  A shadow imp (D:5)
  3 giant mites
  An ufetubus (D:7)
  7 worms
  A giant centipede zombie (D:9)
  3 giant eyeballs
  7 giant geckos
  7 oozes
  31 orcs
  3 ball pythons
  A bat zombie (D:8)
  A giant cockroach (D:3)
  2 gnoll zombies
  8 goblins
  11 hobgoblins
  3 jackals (D:1)
  21 kobolds
  4 quokkas
  12 bats
  4 giant newts
  A goblin skeleton (D:5)
  2 hobgoblin zombies (Ossuary)
  A jackal zombie (Ossuary)
  2 kobold zombies (Ossuary)
  2 orc skeletons
  An orc zombie (Ossuary)
  8 rats
255 creatures vanquished.

Vanquished Creatures (others)
  2 fulminant prisms
  12 butterflies
14 creatures vanquished.

Grand Total: 269 creatures vanquished

Notes
Turn   | Place    | Note
--------------------------------------------------------------
     0 | D:1      | Jenx, the Draconian Conjurer, began the quest for the Orb.
     0 | D:1      | Reached XP level 1. HP: 14/14 MP: 3/3
   519 | D:1      | Reached XP level 2. HP: 17/20 MP: 1/4
  1041 | D:2      | Reached skill level 5 in Conjurations
  1075 | D:2      | Reached XP level 3. HP: 26/26 MP: 4/6
  1500 | D:2      | Reached XP level 4. HP: 29/33 MP: 1/7
  1541 | D:2      | Learned a level 3 spell: Dazzling Spray
  1920 | D:3      | Reached skill level 6 in Conjurations
  2283 | D:3      | Noticed Jenx's ghost (average DECj)
  2292 | D:3      | Killed Jenx's ghost
  2292 | D:3      | Reached skill level 7 in Conjurations
  2292 | D:3      | Reached XP level 5. HP: 10/38 MP: 0/9
  2509 | D:3      | Learned a level 4 spell: Iskenderun's Battlesphere
  3247 | D:4      | Reached skill level 1 in Charms
  3247 | D:4      | Reached XP level 6. HP: 24/45 MP: 7/10
  3870 | D:4      | Found Iruetwy's Gadget Shop.
  3881 | D:4      | Noticed an ogre
  3892 | D:4      | Killed an ogre
  3932 | D:4      | Your scales start taking on a fiery red colour.
  3932 | D:4      | Gained mutation: Your flesh is heat resistant. [draconian maturity]
  3932 | D:4      | Reached XP level 7. HP: 50/50 MP: 1/13
  4253 | D:5      | Entered Level 5 of the Dungeon
  4759 | D:5      | Found a radiant altar of Vehumet.
  4772 | D:5      | Became a worshipper of Vehumet
  4819 | D:5      | Found a staircase to the Ecumenical Temple.
  4844 | Temple   | Entered the Ecumenical Temple
  5278 | D:5      | Found a shadowy altar of Dithmengos.
  5328 | D:6      | Reached skill level 5 in Charms
  5519 | D:6      | Found a shattered altar of Ashenzari.
  5634 | D:6      | Identified a scroll of acquirement
  5646 | D:6      | Learned a level 1 spell: Summon Butterflies
  5646 | D:6      | Noticed Dowan
  5654 | D:6      | Noticed Duvessa
  5655 | D:6      | Killed Dowan
  5655 | D:6      | Reached XP level 8. HP: 52/57 MP: 14/18
  5662 | D:6      | Killed Duvessa
  6198 | D:7      | Acquired Vehumet's first power
  6198 | D:7      | Offered knowledge of Sting by Vehumet.
  6198 | D:7      | Reached skill level 5 in Spellcasting
  6363 | D:7      | Noticed Edmund
  6395 | D:7      | Killed Edmund
  6410 | D:7      | Paralysed by a giant eyeball for 4 turns
  6444 | D:7      | Noticed Ijyb
  6446 | D:7      | Found a sand-covered staircase.
  6450 | D:7      | Killed Ijyb
  6456 | Ossuary  | Entered an ossuary
  7065 | D:7      | Noticed Eustachio
  7092 | D:7      | Killed Eustachio
  7092 | D:7      | Offered knowledge of Shock by Vehumet.
  7238 | D:7      | Learned a level 2 spell: Repel Missiles
  7244 | D:7      | Learned a level 5 spell: Fulminant Prism
  7384 | D:8      | Reached XP level 9. HP: 59/62 MP: 19/25
  7406 | D:8      | Reached skill level 8 in Spellcasting
  7569 | D:8      | Learned a level 4 spell: Iskenderun's Mystic Blast
  7951 | D:8      | Found a sparkling altar of Nemelex Xobeh.
  8045 | D:8      | Found Niutet's Assorted Antiques.
  8326 | D:8      | Reached skill level 9 in Conjurations
  8434 | D:8      | Offered knowledge of Throw Flame by Vehumet.
  8458 | D:8      | Learned a level 2 spell: Throw Flame
  8477 | D:9      | Acquired Vehumet's second power
  8577 | D:9      | HP: 1/62 [orc warrior/orcish scimitar (8)]
  9061 | D:9      | Reached skill level 10 in Conjurations
  9120 | D:9      | Offered knowledge of Airstrike by Vehumet.
  9127 | D:9      | Learned a level 4 spell: Airstrike
  9263 | D:9      | Reached skill level 1 in Air Magic
  9415 | D:9      | Learned a level 3 spell: Mephitic Cloud
  9503 | D:9      | Reached skill level 1 in Fire Magic
  9650 | D:9      | Found a white marble altar of Elyvilon.
  9804 | D:9      | Reached XP level 10. HP: 50/69 MP: 23/26
 10463 | D:10     | Entered Level 10 of the Dungeon
 11023 | D:10     | Noticed a hill giant
 11804 | D:10     | Killed a hill giant
 11804 | D:10     | Reached skill level 5 in Air Magic
 11880 | D:10     | Acquired Vehumet's third power
 11915 | D:10     | HP: 3/69 [orc priest/divine providence (12)]
 11916 | D:10     | Killed from afar by an orc priest

Action                   |  1- 3 |  4- 6 |  7- 9 | 10-12 || total
-------------------------+-------+-------+-------+-------++-------
Melee: Dagger            |    15 |       |       |       ||    15
       Unarmed           |     9 |       |       |       ||     9
       Short sword       |    16 |       |       |       ||    16
       Halberd           |     9 |   117 |    13 |       ||   139
       Hand axe          |       |       |   277 |    53 ||   330
       War axe           |       |       |    54 |    10 ||    64
 Cast: Magic Dart        |    52 |    68 |   112 |    17 ||   249
       Dazzling Spray    |       |     3 |    15 |       ||    18
       Iskenderun's Batt |       |     1 |     5 |     3 ||     9
       Summon Butterflie |       |       |     5 |     3 ||     8
       Throw Flame       |       |       |    15 |    38 ||    53
       Repel Missiles    |       |       |     2 |       ||     2
       Fulminant Prism   |       |       |     2 |       ||     2
       Airstrike         |       |       |     1 |     3 ||     4
       Mephitic Cloud    |       |       |       |     3 ||     3
 Abil: Breathe Fire      |       |       |    43 |    10 ||    53
Evoke: Wand              |       |       |     2 |     1 ||     3
  Use: Potion            |       |     3 |     6 |     2 ||    11
       Scroll            |       |       |    21 |     1 ||    22
 Stab: Sleeping          |       |     2 |     1 |       ||     3
       Invisible         |       |       |     2 |       ||     2
